Map: Blackpink LE

Players

Gerald

  • Race: Protoss Protoss
  • Spawn Location: 1:00

RagnaroK (SHIN) - Winner!

  • Race: Zerg Zerg
  • Spawn Location: 7:00

Event: IEM Season 12 - Katowice

VOD

Have the link to the VOD?

Description

Time

  • Played on: Feb. 27, 2018, 9:16 a.m.
  • Length: 15:55

All games in this series

Show
View Real Time Build Order
Export as new Build Order

Gerald Protoss 

Build Orders: 1 Gate Expand, Oracle Opening, Phoenix Opening, Archon Immortal, Zealot Archon, Archon Drop 

Get SALT Encoding   

  12  0:00  Probe  
  13  0:12  Probe  
  14  0:20  Pylon  
  14  0:24  Probe  
  14  0:28  Assimilator  
  15  0:38  Probe (Chrono Boost)  
  16  0:44  Gateway  
  16  0:48  Probe (Chrono Boost)  
  17  0:54  Probe  
  18  1:06  Probe  
  18  1:07  Pylon  
  19  1:18  Probe  
  20  1:26  Nexus  
  20  1:30  Probe  
  21  1:39  Cybernetics Core  
  21  1:45  Probe  
  22  1:49  Assimilator  
  22  1:53  Pylon  
  22  1:57  Probe  
  23  2:11  Probe  
  23  2:14  Adept (Chrono Boost)  
  24  2:20  Stargate  
  26  2:23  Probe  
  27  2:33  Adept (Chrono Boost)  
  27  2:35  Probe  
  29  2:40  Warp Gate, Probe  
  30  2:48  Probe  
  31  2:52  Adept (Chrono Boost), Probe  
  34  3:00  Probe  
  34  3:02  Phoenix (Chrono Boost)  
  34  3:04  Probe  
  38  3:12  Probe  
  39  3:16  Probe  
  39  3:17  Pylon  
  39  3:19  Assimilator  
  40  3:22  Assimilator  
  40  3:24  Probe  
  40  3:26  Oracle (Chrono Boost)  
  41  3:33  Probe  
  45  3:36  Probe  
  46  3:45  Probe  
  46  3:48  Probe  
  48  3:55  Robotics Facility  
  48  3:57  Twilight Council  
  48  4:00  Probe  
  50  4:03  Pylon  
  50  4:08  Gateway  
  50  4:09  Probe  
  50  4:13  Gateway  
  50  4:19  Gateway  
  50  4:24  Probe  
  50  4:29  Probe  
  52  4:35  Shield Battery  
  52  4:36  Probe, Pylon  
  53  4:40  Warp Prism (Chrono Boost)  
  53  4:41  Probe  
  56  4:47  Charge  
  56  4:49  Probe  
  57  4:55  Probe  
  57  4:59  Templar Archives  
  58  5:01  Probe  
  59  5:07  Probe  
  60  5:14  Nexus  
  60  5:18  Pylon  
  60  5:20  Probe  
  61  5:22  Probe  
  61  5:26  Pylon  
  62  5:30  Observer  
  63  5:36  High Templar x4  
  63  5:37  Probe  
  63  5:42  Probe  
  73  5:49  Probe  
  74  5:54  Probe  
  74  5:55  Robotics Facility  
  74  5:56  Immortal  
  79  5:57  Archon x2  
  79  6:01  Probe  
  79  6:03  Forge, Gateway  
  80  6:07  Gateway  
  80  6:09  Probe  
  81  6:13  Probe  
  82  6:21  Probe  
  83  6:28  Probe  
  83  6:31  Zealot x4  
  92  6:33  Probe  
  94  6:40  Probe, Psionic Storm  
  94  6:42  Pylon  
  94  6:45  Immortal, Assimilator  
  98  6:48  Assimilator  
  98  6:57  Probe  
  98  7:00  Immortal  
  103  7:02  High Templar x2  
  103  7:03  High Templar  
  109  7:14  Probe  
  109  7:18  Protoss Ground Weapons Level 1 (Chrono Boost)  
  109  7:23  Gateway  
  109  7:25  Gateway  
  109  7:26  Pylon  
  109  7:31  Pylon  
  109  7:37  Pylon  
  109  7:39  Immortal  
  109  7:41  Shield Battery  
  109  7:44  Probe x3, Immortal  
  120  7:52  Pylon x2  
  120  7:56  Probe x3  
  123  8:01  High Templar x2  
  123  8:02  Zealot x2  
  131  8:08  Probe  
  131  8:10  Phoenix  
  134  8:17  Pylon  
  132  8:21  Probe  
  132  8:23  Probe, Pylon, Immortal  
  134  8:30  Photon Cannon  
  134  8:31  High Templar x2  
  134  8:32  Zealot x2  
  134  8:33  Photon Cannon  
  142  8:35  Shield Battery  
  142  8:37  Shield Battery  
  142  8:39  Immortal  
  146  8:44  Photon Cannon  
  146  8:53  Nexus  
  146  8:56  Pylon  
  145  9:06  High Templar x4  
  143  9:17  Immortal  
  143  9:20  Immortal  
  143  9:23  Archon  
  140  9:26  Zealot x3  
  106  9:39  Zealot x4  
  106  9:43  Archon  
  106  9:48  Probe  
  106  9:49  Immortal  
  93  9:53  Zealot x4  
  93  9:57  Zealot  
  93  9:59  Zealot x3  
  103  10:08  Immortal  
  103  10:10  Zealot x3  
  103  10:13  Photon Cannon  
  109  10:19  Zealot  
  109  10:20  Zealot x4  
  97  10:31  Zealot x3  
  97  10:37  Zealot  
  97  10:38  Zealot x2  
  97  10:40  Immortal (Chrono Boost)  
  97  10:41  High Templar  
  97  10:42  High Templar  
  105  10:46  Protoss Ground Weapons Level 2 (Chrono Boost)  
  105  10:52  Dark Shrine  
  105  10:53  High Templar x4  
  105  10:56  High Templar  
  115  11:05  Nexus  
  115  11:08  Archon  
  115  11:09  Zealot  
  115  11:11  Probe  
  118  11:13  Immortal (Chrono Boost)  
  122  11:20  High Templar x2  
  122  11:23  Probe  
  127  11:26  Archon  
  119  11:34  Observer  
  119  11:37  Archon  
  119  11:39  Archon  
  114  11:44  Zealot x6  
  114  11:45  Probe  
  114  11:46  Immortal  
  125  11:48  Probe  
  125  11:51  Probe  
  125  11:56  Pylon, Immortal  
  125  11:57  Probe  
  125  12:00  Probe, High Templar x2  
  135  12:10  Zealot x6  
  135  12:15  Probe  
  148  12:26  Observer, High Templar x2  
  148  12:29  Probe  
  154  12:31  Probe  
  154  12:32  Assimilator  
  154  12:35  Immortal, Assimilator  
  159  12:38  Zealot x5  
  169  12:47  Fleet Beacon  
  169  12:51  Probe  
  168  12:54  Probe  
  169  13:00  Protoss Ground Weapons Level 3 (Chrono Boost)  
  169  13:04  Immortal  
  173  13:11  Photon Cannon  
  173  13:14  Immortal  
  177  13:20  High Templar x2  
  177  13:25  Archon  
  179  13:39  Zealot x2  
  179  13:40  Zealot x2  
  179  13:41  Zealot x2  
  181  13:44  Immortal (Chrono Boost)  
  181  13:46  Archon  
  107  13:59  Archon  
  107  14:01  Zealot x8, Immortal (Chrono Boost)  
  116  14:20  Immortal (Chrono Boost)  
  120  14:25  High Templar x2  
  120  14:26  High Templar x2  
  120  14:27  Zealot x2  
  132  14:32  Observer  
  133  14:48  Nexus  
  133  14:58  Pylon  
  133  15:09  High Templar x4  
  133  15:10  High Templar x2  
  133  15:15  Probe  
  133  15:18  Archon x3  
  114  15:30  Archon  
  114  15:31  Zealot x2  
  112  15:41  Zealot x2  
  112  15:42  Zealot x2  
Show
View Real Time Build Order
Export as new Build Order

RagnaroK Zerg - Winner!

Build Orders: Hatch First, Lurkers, Roach Hydra 

Get SALT Encoding   

  12  0:00  Drone  
  13  0:16  Overlord  
  13  0:17  Drone  
  14  0:34  Drone x2  
  16  0:38  Drone  
  17  0:52  Drone  
  18  1:01  Drone  
  19  1:04  Hatchery  
  19  1:10  Extractor  
  18  1:11  Drone  
  18  1:21  Spawning Pool  
  18  1:23  Drone  
  18  1:32  Drone  
  19  1:44  Overlord  
  19  2:05  Drone  
  19  2:08  Zergling x2  
  21  2:09  Queen  
  21  2:12  Metabolic Boost  
  23  2:16  Queen, Zergling x2  
  23  2:18  Drone  
  27  2:26  Drone  
  27  2:28  Drone  
  29  2:39  Hatchery  
  29  2:42  Zergling x2  
  29  2:47  Zergling x2  
  29  2:50  Drone  
  31  2:52  Overlord  
  31  3:00  Queen  
  31  3:04  Drone  
  34  3:06  Drone  
  34  3:12  Drone x2  
  37  3:18  Zergling x2  
  38  3:21  Drone x2  
  38  3:27  Drone, Overlord  
  40  3:28  Drone  
  40  3:29  Drone  
  42  3:39  Overlord  
  42  3:41  Overlord  
  42  3:47  Spore Crawler  
  41  3:49  Queen  
  41  3:51  Spore Crawler  
  41  3:54  Drone, Zergling x2  
  44  3:56  Drone  
  44  3:58  Drone  
  46  4:03  Drone x3  
  46  4:08  Queen  
  51  4:12  Spore Crawler  
  51  4:16  Drone x2  
  52  4:20  Overlord  
  51  4:25  Drone x3  
  51  4:30  Drone, Overlord  
  51  4:31  Drone  
  55  4:40  Drone x3  
  55  4:42  Drone  
  55  4:43  Drone x3  
  62  4:50  Queen  
  62  4:52  Lair  
  64  4:55  Drone  
  64  5:01  Roach Warren  
  64  5:05  Overlord  
  64  5:06  Zergling x10  
  68  5:12  Extractor x2  
  68  5:13  Zergling x4  
  68  5:14  Zergling x2  
  69  5:18  Drone x4  
  73  5:22  Queen  
  75  5:29  Zergling x2  
  75  5:34  Drone x3  
  75  5:35  Overlord x2  
  79  5:36  Overlord  
  79  5:47  Roach x5  
  79  5:49  Overlord  
  89  5:52  Overlord  
  89  5:55  Roach x4  
  97  5:57  Glial Reconstitution  
  97  6:05  Evolution Chamber  
  97  6:07  Drone x4  
  97  6:11  Extractor x2  
  99  6:12  Hydralisk Den  
  99  6:18  Drone x2  
  98  6:19  Overlord  
  98  6:20  Drone x3  
  98  6:21  Drone  
  102  6:27  Overlord  
  102  6:28  Drone  
  102  6:29  Drone x2  
  102  6:31  Drone  
  104  6:33  Zerg Missile Weapons Level 1  
  104  6:38  Drone x4  
  108  6:42  Overseer  
  108  6:46  Grooved Spines  
  108  6:47  Hydralisk  
  108  6:50  Overlord  
  108  6:51  Overlord  
  108  6:53  Overlord  
  110  7:01  Overseer  
  110  7:06  Hatchery  
  110  7:08  Hydralisk x4  
  116  7:15  Hydralisk  
  116  7:16  Hydralisk  
  119  7:24  Overlord  
  119  7:26  Drone x4  
  119  7:28  Extractor  
  119  7:29  Hydralisk  
  124  7:38  Hydralisk  
  124  7:39  Spine Crawler  
  124  7:43  Lurker Den  
  124  7:45  Hydralisk  
  124  7:46  Roach x4  
  124  7:47  Overlord  
  134  7:52  Roach x3  
  134  7:56  Roach  
  134  7:57  Roach x2  
  146  7:59  Overlord  
  146  8:02  Roach x3  
  146  8:03  Roach  
  153  8:10  Muscular Augments  
  153  8:18  Roach  
  153  8:19  Roach x5  
  163  8:29  Roach x7  
  163  8:33  Hydralisk  
  179  8:34  Roach, Zergling x6  
  184  8:42  Roach, Zergling x4  
  184  8:45  Zerg Missile Weapons Level 2  
  184  8:48  Roach  
  190  8:51  Overlord x2  
  190  8:52  Zergling x2  
  190  9:02  Zergling x2  
  190  9:03  Zergling x4  
  190  9:04  Overlord  
  190  9:07  Zergling x2  
  190  9:08  Overlord  
  189  9:13  Roach, Zergling x2  
  189  9:14  Zergling x16  
  183  9:20  Hydralisk  
  183  9:21  Hydralisk  
  176  9:24  Zergling x2  
  176  9:26  Roach, Zergling x4  
  176  9:28  Roach, Zergling x4  
  176  9:29  Zergling x2  
  161  9:31  Hydralisk x2  
  161  9:32  Hydralisk  
  161  9:33  Hydralisk  
  161  9:35  Hydralisk  
  161  9:37  Hydralisk  
  152  9:39  Hydralisk  
  152  9:40  Zergling x4  
  152  9:41  Zergling x2  
  152  9:44  Hydralisk  
  152  9:45  Zergling x2  
  149  9:49  Hydralisk x2  
  149  9:50  Hydralisk  
  150  9:55  Hydralisk  
  148  10:03  Drone x6  
  145  10:08  Extractor  
  145  10:09  Roach, Extractor  
  138  10:14  Drone x3  
  138  10:15  Infestation Pit  
  138  10:16  Roach x2  
  138  10:19  Roach, Zergling x2  
  138  10:20  Roach, Zergling x2  
  142  10:22  Roach, Zergling x2  
  135  10:31  Hydralisk  
  135  10:32  Hydralisk x5  
  143  10:35  Zergling x2  
  143  10:36  Zergling x2  
  143  10:41  Hydralisk, Zergling x2  
  132  10:45  Drone  
  132  10:47  Hydralisk  
  132  10:48  Zergling x16  
  141  10:55  Lurker x5  
  141  10:56  Lurker  
  147  11:02  Zergling x2  
  147  11:03  Zergling x2  
  149  11:08  Zergling x8  
  149  11:11  Zerg Ground Armor Level 1  
  153  11:13  Zergling x2  
  153  11:14  Hatchery  
  153  11:16  Zergling x8  
  153  11:17  Zergling x2  
  158  11:21  Hive  
  158  11:25  Drone x2  
  160  11:27  Evolution Chamber, Drone  
  160  11:28  Drone  
  160  11:29  Zergling x2  
  160  11:30  Zergling x2  
  160  11:32  Zergling x4  
  153  11:35  Zergling x6  
  145  11:43  Hydralisk  
  145  11:44  Hydralisk, Zergling x8  
  129  11:47  Drone x2  
  129  11:48  Drone  
  129  11:49  Drone  
  129  11:50  Drone  
  132  11:55  Drone x2  
  132  11:59  Hydralisk x3  
  132  12:00  Hydralisk  
  142  12:03  Hydralisk  
  142  12:05  Hydralisk  
  142  12:09  Hydralisk x2  
  142  12:14  Hydralisk x2  
  147  12:17  Zerg Melee Weapons Level 1  
  147  12:20  Hydralisk x2  
  151  12:32  Lurker x7  
  151  12:33  Lurker x3  
  151  12:36  Hydralisk x2  
  163  12:37  Roach  
  163  12:41  Adaptive Talons  
  162  12:45  Roach x2, Zergling x4  
  162  12:50  Lurker  
  164  12:51  Roach, Zergling x4  
  164  12:52  Zergling x2  
  164  12:54  Roach  
  171  13:00  Hydralisk  
  171  13:01  Hydralisk x2  
  171  13:03  Roach x2  
  181  13:06  Roach  
  181  13:07  Roach  
  181  13:08  Roach  
  181  13:09  Zergling x2  
  181  13:10  Overseer  
  181  13:12  Hydralisk  
  190  13:17  Spine Crawler  
  190  13:19  Hydralisk, Zergling x4  
  194  13:20  Zergling x2  
  194  13:29  Zergling x10  
  195  13:37  Roach, Zergling x12  
  195  13:45  Zergling x2  
  195  13:47  Roach x2, Zergling x8  
  195  13:48  Roach, Zergling x2  
  181  13:51  Hydralisk x2  
  181  13:54  Zergling x2  
  162  13:56  Zergling x4  
  162  13:57  Zergling x2  
  162  14:03  Hydralisk x2  
  162  14:05  Hydralisk x2  
  162  14:08  Hydralisk  
  162  14:09  Overseer  
  164  14:10  Hydralisk  
  164  14:11  Zergling x2  
  164  14:13  Drone  
  164  14:14  Drone  
  166  14:17  Drone x2  
  166  14:24  Drone x4  
  170  14:25  Drone  
  170  14:29  Spire  
  172  14:34  Hydralisk  
  172  14:35  Roach x2  
  172  14:36  Overseer  
  178  14:41  Hydralisk  
  178  14:42  Roach x2  
  184  14:51  Spine Crawler, Hydralisk  
  184  14:52  Roach, Spine Crawler  
  186  14:55  Spine Crawler  
  184  15:01  Roach x4  
  191  15:07  Hydralisk  
  191  15:08  Zergling x10  
  192  15:22  Hydralisk  
  192  15:23  Zergling x22  
  192  15:26  Drone  
  197  15:29  Zergling x4  

Tags
 
Add a new tag
Caveats
  • Supply blocks, unpowered buildings, or Contaminate may cause inaccurate times.
  • Supply counts are checked every 10 seconds.